 Dungeon Crawl Stone Soup version 0.21-a0-260-g9b2435e (webtiles) character file.

51 CombatOctopus the Cudgeler (level 3, 31/31 HPs)
             Began as a Draconian Berserker on Sept 5, 2017.
             Was a Believer of Trog.
             Quit the game on level 1 of the Dungeon on Sept 7, 2017.
             The game lasted 00:06:28 (1520 turns).

CombatOctopus the Cudgeler (Draconian Berserker)    Turns: 1520, Time: 00:06:29

Health: 31/31      AC:  5    Str: 20    XL:     3   Next: 57%
Magic:  3/3        EV: 12    Int:  7    God:    Trog [**....]
Gold:   128        SH:  0    Dex: 10    Spells: 2/2 levels left

rFire    . . .     SeeInvis .   a - +0 mace
rCold    . . .     Gourm    .   (no shield)
rNeg     . . .     Faith    .   (armour unavailable)
rPois    .         Spirit   .   (helmet restricted)
rElec    .         Reflect  .   (no cloak)
rCorr    .         Harm     .   (no gloves)
MR       .....                  (no boots)
Stlth    +.........             (no amulet)
HPRegen  0.10/turn              (no ring)
MPRegen  0.08/turn              (no ring)

@: drained
A: unfitting armour, cold-blooded, AC +5
a: Berserk, Trog's Hand, Burn Spellbooks, Renounce Religion


You were on level 1 of the Dungeon.
You worshipped Trog.
Trog was pleased with you.
You were hungry.

You visited 1 branch of the dungeon, and saw 1 of its levels.

You collected 128 gold pieces.

Inventory:

Hand Weapons
 a - a +0 mace (weapon)
Missiles
 g - 42 stones (quivered)
Jewellery
 e - an uncursed ring of wizardry {unknown}
Scrolls
 f - 2 scrolls of amnesia {unknown}
 j - 2 scrolls of remove curse {unknown}
 l - a scroll of teleportation {unknown}
Potions
 c - a potion of brilliance {unknown}
 k - a potion of degeneration {unknown}
Comestibles
 b - a bread ration
 d - a royal jelly
 i - a meat ration


   Skills:
 - Level 3.2(3.0) Fighting
 + Level 4.6(4.3) Maces & Flails
 - Level 2.6(2.4) Dodging


You had 2 spell levels left.
You didn't know any spells.

Dungeon Overview and Level Annotations

Branches:
Dungeon (1/15)

Altars:


Innate Abilities, Weirdness & Mutations

Your plain brown scales are hard. (AC +5)
You cannot fit into any form of body armour.
You are cold-blooded and may be slowed by cold attacks.


Message History

a whip; a kobold corpse
Things that are here:
a whip; a kobold corpse
Things that are here:
a dagger; a scale mail You see here a leather armour.
You now have 128 gold pieces (gained 14).
Done exploring.
Done exploring.
Done exploring.
Done exploring.
Done exploring.
Done exploring.
Done exploring.
Done exploring.
Done exploring.
Welcome back, CombatOctopus the Draconian Berserker.
Trog says: Kill them all!
Press ? for a list of commands and other information.
Are you sure you want to abandon this character and quit the game? (Confirm with "yes".)

###.#.#.#.#.# #.# #
#.##.##.#.# #.# #
#.#####.#.#######.# #
#.##..............######
###†##.##.#.####..)......#
.....)......# ##.######.#
######..#.### #.# #)#
#..#.# ##.# #.#
#..#.######@.# #.#
#..#......#.## #.##
#..######.#.# #..# ##..#
#.#.# ##.# #...# #.#.# #.#
##..# #.#.# #.# #..# #.#.#
#)# ######..# #.#.# #.#
........######.#.########.#


There were no monsters in sight!

Vanquished Creatures
  A gnoll (D:1)
  2 oozes (D:1)
  2 giant cockroaches (D:1)
  7 goblins (D:1)
  3 hobgoblins (D:1)
  2 jackals (D:1)
  4 kobolds (D:1)
  2 bats (D:1)
  2 frilled lizards (D:1)
  7 rats (D:1)
32 creatures vanquished.

Notes
Turn   | Place    | Note
-------+----------+-------------------------------------------
     0 | D:1      | CombatOctopus the Draconian Berserker began the quest for the Orb.
     0 | D:1      | Reached XP level 1. HP: 19/19 MP: 1/1
   352 | D:1      | Reached XP level 2. HP: 25/26 MP: 2/2
   505 | D:1      | Reached skill level 4 in Maces & Flails
   512 | D:1      | Reached XP level 3. HP: 8/31 MP: 3/3
  1076 | D:1      | Reached ** piety under Trog
  1520 | D:1      | Upgraded the game from 0.21-a0-251-g5e8393f to 0.21-a0-260-g9b2435e
  1520 | D:1      | Quit the game

Vault maps used:
D:1:      giann_bridges, minmay_tromino_i4

Skill      XL: |  1  2 |
---------------+-------+-----
Maces & Flails | 4 |  4.6
Fighting       | |  3.2
Dodging        | |  2.6

Action                   || total
-------------------------++-------
Melee: Mace              ||    95
       Tailslap          ||     9
Throw: Stone             ||    10
  Eat: Chunk             ||     1
Armor: Skin              ||    27
Dodge: Dodged            ||    62

Table legend:
 A = Spawn XP
 B = Non-spawn XP
 C = Spawn XP percentage of total XP
 D = Spawn monster count
 E = Non-spawn monster count
 F = Spawn count percentage of total count
 G = Total turns spent on level
                    A         B        C        D         E        F      G
               +---------+---------+-------+---------+---------+-------+---------
         Total |      15 |      58 |  20.5 |      10 |      22 |  31.2 |  1520
               +---------+---------+-------+---------+---------+-------+---------
           D:1 |      15 |      58 |  20.5 |      10 |      22 |  31.2 |  1520
               +---------+---------+-------+---------+---------+-------+---------
